[Event "Team 45 45 League T70"]
[Site "Internet Chess Club"]
[Date "2016.10.12"]
[Round "5"]
[White "passedpawn"]
[Black "Knight77"]
[Result "0-1"]
[WhiteElo "1888"]
[BlackElo "1830"]
[Opening "King's Indian: London system"]
[ECO "A48"]
[Time "18:05:37"]
[TimeControl "2700+45"]

1. d4 Nf6 2. Nf3 g6 3. Bf4 Bg7 4. h3 O-O 5. e3 d6 6. Be2 Nbd7 7. O-O Re8 8. Nbd2
e5 9. Bh2 Qe7 10. c3 c6 11. a4 e4 12. Ne1 d5 13. Qc2 g5 14. c4 Nf8 15. cxd5 cxd5
16. Qc7 Qb4 17. Qc3 Qe7 18. Qc7 Qxc7 19. Bxc7 g4 20. hxg4 Bxg4 21. Bxg4 Nxg4 22.
Ba5 Rac8 23. Bc3 Ng6 24. Nc2 f5 25. g3 h5 26. Kg2 h4 27. Nb3 Kf7 28. Rh1 Rh8 29.
Rae1 h3+ 30. Kg1 h2+ 31. Kg2 Bf6 32. Nb4 Ne7 33. Nd2 a5 34. Nc2 Nc6 35. Nf1 Nb4
36. Na3 Nd3 37. Re2 Ngxf2 38. Rxf2 Rxc3 39. Re2 Rb3 40. Nb5 Bg5 41. Nc7 Nxb2 42.
Nxd5 Nxa4 43. Rxh2 Rxh2+ 44. Kxh2 b5 45. Rc2 Rb2 46. Rxb2 Nxb2 47. Kg2 a4 48.
Kf2 a3 49. Nd2 Nd3+ 50. Ke2 a2 51. Nb3 Nc1+ {White resigns} 0-1

[Event "Team 45 45 League T70"]
[Site "Internet Chess Club"]
[Date "2016.10.07"]
[Round "5"]
[White "Constrictor"]
[Black "arnav07"]
[Result "1-0"]
[WhiteElo "1562"]
[BlackElo "1509"]
[Opening "Grünfeld with Bf4 & e3"]
[ECO "D93"]
[Time "20:06:51"]
[TimeControl "2700+45"]

1. Nf3 Nf6 2. d4 g6 3. c4 Bg7 4. Nc3 d5 5. Bf4 O-O 6. e3 c6 7. Be2 Nh5 8. Be5
Bxe5 9. Nxe5 Nf6 10. Rc1 Be6 11. O-O Nbd7 12. cxd5 cxd5 13. Ng4 Nxg4 14. Bxg4
Bxg4 15. Qxg4 Nf6 16. Qe2 e6 17. Rc2 Rc8 18. Rfc1 Rc6 19. Nb5 Rxc2 20. Qxc2 a6
21. Nc3 Qd7 22. Na4 Ne4 23. Nc5 Nxc5 24. Qxc5 Rd8 25. Kf1 Kg7 26. Ke2 Kf6 27.
Kd3 Qe7 28. Qc7 Rd7 29. Qe5# {Black checkmated} 1-0

[Event "Team 45 45 League T70"]
[Site "Internet Chess Club"]
[Date "2016.10.07"]
[Round "5"]
[White "lacibacsi"]
[Black "santiagoelawad"]
[Result "1/2-1/2"]
[WhiteElo "2044"]
[BlackElo "2007"]
[Opening "Caro-Kann: Steinitz variation"]
[ECO "B17"]
[Time "14:05:15"]
[TimeControl "2700+45"]

1. e4 c6 2. d4 d5 3. Nc3 dxe4 4. Nxe4 Nd7 5. Nf3 Ngf6 6. Ng3 e6 7. Bd3 Be7 8.
O-O O-O 9. b3 b6 10. Bb2 Bb7 11. Qe2 c5 12. Rad1 Qc7 13. c4 cxd4 14. Nxd4 Nc5
15. Bb1 Rad8 16. Rfe1 Rfe8 17. Nh5 {Game drawn by mutual agreement} 1/2-1/2

[Event "Team 45 45 League T70"]
[Site "Internet Chess Club"]
[Date "2016.10.09"]
[Round "5"]
[White "PoisonPawn"]
[Black "Tobiasdelmonte"]
[Result "1/2-1/2"]
[WhiteElo "2071"]
[BlackElo "1705"]
[Opening "Petrov: Nimzovich attack"]
[ECO "C42"]
[Time "22:06:34"]
[TimeControl "2700+45"]

1. e4 e5 2. Nf3 Nf6 3. Nxe5 d6 4. Nf3 Nxe4 5. Nc3 Nxc3 6. dxc3 Be7 7. Be3 O-O 8.
Qd2 b6 9. O-O-O Bb7 10. h4 Nc6 11. Kb1 Ne5 12. Ng5 h6 13. f4 Ng4 14. Qd3 Bxg5
15. hxg5 Re8 16. Bd4 Be4 17. Qg3 Qd7 18. gxh6 Qf5 19. Bd3 f6 20. Rh4 c5 21. Bg1
Nxh6 22. Rxh6 Kf7 23. Rh3 Rad8 24. c4 d5 25. b3 a5 26. a4 d4 27. Bf2 Bxd3 28.
Rxd3 Re4 29. Rh4 Rde8 30. Rg4 Qh7 31. Qh3 Qxh3 32. Rxh3 f5 33. Rgh4 Re2 34. Rf3
Rd2 35. Rh7 Kg6 36. Rh2 Ree2 37. Bh4 Rxc2 38. Rg3+ Kf7 {Game drawn by mutual
agreement} 1/2-1/2

[Event "Team 45 45 League T70"]
[Site "Internet Chess Club"]
[Date "2016.10.07"]
[Round "5"]
[White "JPSVI"]
[Black "Portola"]
[Result "1-0"]
[WhiteElo "1783"]
[BlackElo "1667"]
[Opening "French: advance, Paulsen attack"]
[ECO "C02"]
[Time "20:05:51"]
[TimeControl "2700+45"]

1. e4 e6 2. d4 d5 3. e5 c5 4. c3 Nc6 5. Nf3 Qb6 6. a3 c4 7. Nbd2 Na5 8. b4 cxb3
9. Bb2 Bd7 10. Rc1 Rc8 11. c4 dxc4 12. Nxc4 Nxc4 13. Bxc4 Bxa3 14. Bxa3 Qa5+ 15.
Nd2 Qxa3 16. Ra1 Qb4 17. Qxb3 Qxb3 18. Bxb3 Bb5 19. Rxa7 Ba6 20. Ne4 Ke7 21. Nc5
Kd8 22. Nxa6 bxa6 23. Rxf7 Ne7 24. Kd2 Nd5 25. Bxd5 exd5 26. Rb1 Ra8 27. Rbb7 a5
28. Rxg7 Rf8 29. f3 Rh8 30. Ra7 Rb8 31. Rxa5 {Black resigns} 1-0

[Event "Team 45 45 League T70"]
[Site "Internet Chess Club"]
[Date "2016.10.06"]
[Round "5"]
[White "armand068new"]
[Black "fireball"]
[Result "0-1"]
[WhiteElo "1543"]
[BlackElo "1712"]
[Opening "Queen's pawn game"]
[ECO "E00"]
[Time "21:01:21"]
[TimeControl "2700+45"]

1. d4 Nf6 2. c4 e6 3. e3 Bb4+ 4. Bd2 Bxd2+ 5. Nxd2 O-O 6. Ngf3 d5 7. Bd3 Nc6 8.
a3 a5 9. Qc2 h6 10. O-O Re8 11. cxd5 exd5 12. Rac1 Qd6 13. Bb5 Bd7 14. Bxc6 Bxc6
15. Ne5 Bb5 16. Rfe1 Rac8 17. Qb3 Ba6 18. Qa4 Qb6 19. b4 axb4 20. axb4 Bb5 21.
Qb3 Red8 22. Rc5 c6 23. Rec1 Ra8 24. e4 Ba4 25. Qa3 Bc2 26. Qb2 Bxe4 27. Nxe4
Nxe4 28. R5c2 Ra4 29. Rb1 Nd6 30. h3 Nb5 31. Rd2 Qa6 32. Nd3 Qa7 33. Nc5 Ra3 34.
Qc2 Ra8 35. Qf5 Ra1 36. Rxa1 Qxa1+ 37. Kh2 Nd6 38. Qe5 Nc4 39. Qf4 Nxd2 40. Qxd2
Ra2 41. Qf4 Qb2 42. Kg3 Qxb4 43. Qf5 Ra8 44. Qg4 Qb1 45. Kh2 Qb2 46. Nd7 Qxf2
47. Ne5 Qf6 48. Nd7 Qd6+ 49. Kg1 Ra1+ 50. Kf2 Qe6 {White resigns} 0-1

[Event "Team 45 45 League T70"]
[Site "Internet Chess Club"]
[Date "2016.10.09"]
[Round "5"]
[White "ArturitoGalacti"]
[Black "Pomberito"]
[Result "0-1"]
[WhiteElo "1839"]
[BlackElo "2081"]
[Opening "Catalan: closed, 5.Nf3"]
[ECO "E06"]
[Time "20:03:06"]
[TimeControl "2700+45"]

1. c4 e6 2. g3 d5 3. Bg2 Nf6 4. Nf3 Be7 5. d4 O-O 6. Qc2 c6 7. O-O b6 8. cxd5
cxd5 9. Bf4 Ba6 10. Ne5 Nfd7 11. Nc3 Nxe5 12. Bxe5 Nd7 13. Bf4 b5 14. a3 Rc8 15.
Rfc1 Nb6 16. b3 Qd7 17. Qb2 Bf6 18. Be5 Bg5 19. Bf4 Bxf4 20. gxf4 Rc6 21. Na2
Rxc1+ 22. Rxc1 Rc8 23. Nb4 Bb7 24. Nd3 Rxc1+ 25. Qxc1 Qc6 26. Qxc6 Bxc6 27. Ne5
Be8 28. e3 a5 29. Bf1 a4 30. bxa4 Nxa4 31. Nd3 Nb6 32. Nc5 Bc6 33. Bd3 Nc4 34.
Bxc4 dxc4 35. e4 c3 36. f3 f5 37. exf5 Bxf3 38. fxe6 Bd5 39. Kf2 c2 40. Nd3 Bxe6
41. Ke3 Bf5 42. Nc1 Kf7 43. d5 Ke7 44. Kd4 Kd6 45. Nb3 h5 46. h4 Bh7 47. Nc1 Bg8
48. Kc3 Kxd5 49. Kxc2 Ke4 50. Ne2 Ke3 51. Ng3 g6 52. f5 Kf3 53. Nf1 gxf5 54. Kd2
f4 55. Ke1 Kg2 56. Nd2 Bd5 57. Ke2 Bc4+ 58. Ke1 Bd3 {White resigns} 0-1

[Event "Team 45 45 League T70"]
[Site "Internet Chess Club"]
[Date "2016.10.11"]
[Round "5"]
[White "santiagoelawad"]
[Black "ChessHouston"]
[Result "1-0"]
[WhiteElo "2013"]
[BlackElo "1738"]
[Opening "English: symmetrical variation"]
[ECO "A38"]
[Time "22:11:10"]
[TimeControl "2700+45"]

1. c4 Nf6 2. Nc3 g6 3. Nf3 c5 4. g3 Bg7 5. Bg2 Nc6 6. d4 cxd4 7. Nxd4 Qb6 8. Nb3
d6 9. a3 Bd7 10. Be3 Qd8 11. h3 b6 12. Rc1 Rc8 13. Nd2 O-O 14. O-O Ne5 15. b3
Bc6 16. Nd5 Ned7 17. b4 e6 18. Nxf6+ Nxf6 19. Bd4 Bxg2 20. Kxg2 e5 21. Bb2 Nd7
22. Ne4 Rc6 23. Nxd6 Qc7 24. Nb5 Qb7 25. Kg1 a6 26. Nd6 Qc7 27. Ne4 Rxc4 28. Qd3
b5 29. Rxc4 bxc4 30. Qd6 Qxd6 31. Nxd6 Nb6 32. Rc1 Rd8 33. Nxc4 Na4 34. Bxe5
Bxe5 35. Nxe5 Rd2 36. Rc6 a5 37. bxa5 Rxe2 38. Nc4 Re7 39. Nb6 Re4 40. Kg2 Kf8
41. Kf3 f5 42. h4 Ke8 43. Rc8+ Kf7 44. Rc7+ Kg8 45. h5 gxh5 46. Rd7 h4 47. gxh4
Rxh4 48. Rd5 Rh3+ 49. Kf4 Rxa3 50. Nxa4 Rxa4+ 51. Kxf5 Kf7 52. Kg5 h6+ 53. Kxh6
Rf4 54. Kg5 Rxf2 55. Rf5+ Rxf5+ 56. Kxf5 Ke7 57. a6 {Black resigns} 1-0

[Event "Team 45 45 League T70"]
[Site "Internet Chess Club"]
[Date "2016.10.09"]
[Round "5"]
[White "achessman"]
[Black "primerpaso"]
[Result "0-1"]
[WhiteElo "1882"]
[BlackElo "1849"]
[Opening "Sicilian: Najdorf, 7...Be7"]
[ECO "B98"]
[Time "22:35:02"]
[TimeControl "2700+45"]

1. e4 c5 2. Nf3 d6 3. d4 cxd4 4. Nxd4 Nf6 5. Nc3 a6 6. Bg5 e6 7. f4 Be7 8. Bd3
Nc6 9. Nf3 h6 10. Bh4 Nxe4 11. Bxe7 Nxc3 12. bxc3 Qxe7 13. O-O O-O 14. Qe1 Bd7
15. Rb1 Rab8 16. Rb6 Rfe8 17. Qe4 f5 18. Qe2 e5 19. Bc4+ Be6 20. Rfb1 e4 21. Nd4
Nxd4 22. cxd4 d5 23. Bxa6 Ra8 24. Rxb7 Qf6 25. R1b6 Qxd4+ 26. Kf1 e3 27. g3 Bc8
28. Rb8 Bxa6 29. Rxe8+ Rxe8 30. Rxa6 Qe4 {White resigns} 0-1

[Event "Team 45 45 League T70"]
[Site "Internet Chess Club"]
[Date "2016.10.09"]
[Round "5"]
[White "Ptzz"]
[Black "Agarnez"]
[Result "0-1"]
[WhiteElo "1989"]
[BlackElo "2029"]
[Opening "QGD: exchange, positional line"]
[ECO "D35"]
[Time "06:01:29"]
[TimeControl "2700+45"]

1. d4 d5 2. c4 e6 3. Nc3 Nf6 4. cxd5 exd5 5. Bg5 Be7 6. e3 c6 7. Qc2 Bg4 8. Bd3
Nbd7 9. Nge2 h6 10. Bf4 Nf8 11. h3 Bh5 12. Bh2 Bg6 13. Nf4 Bxd3 14. Nxd3 Ng6 15.
O-O O-O 16. b4 a6 17. a4 Bd6 18. Ne5 Bxb4 19. Rab1 Qe7 20. Qb3 Bxc3 21. Qxc3
Nxe5 22. Bxe5 Ne4 23. Qc2 Rac8 24. f3 Ng5 25. Qc5 Rfe8 26. Qb6 Qa3 27. Rb3 Qxa4
28. Qxb7 c5 29. Rfb1 c4 30. Rb4 Qa3 31. Qxd5 Qxe3+ 32. Kh2 c3 33. h4 c2 34. hxg5
cxb1=Q 35. Rxb1 Qxg5 36. Kh3 Qf5+ {White resigns} 0-1

[Event "Team 45 45 League T70"]
[Site "Internet Chess Club"]
[Date "2016.10.07"]
[Round "5"]
[White "roji"]
[Black "Holgate"]
[Result "1/2-1/2"]
[WhiteElo "1855"]
[BlackElo "2017"]
[Opening "Queen's pawn: London system"]
[ECO "A45"]
[Time "15:04:28"]
[TimeControl "2700+45"]

1. d4 Nf6 2. Bf4 g6 3. e3 Bg7 4. Be2 d6 5. c4 O-O 6. Nc3 Nbd7 7. Nf3 Nh5 8. Bg5
h6 9. Bh4 g5 10. Bg3 e6 11. Nd2 Nxg3 12. hxg3 f5 13. f4 g4 14. b4 c5 15. bxc5
dxc5 16. Nb3 b6 17. Rc1 Bb7 18. Kf2 Nf6 19. dxc5 Qc8 20. cxb6 axb6 21. Qc2 Ne4+
22. Nxe4 Bxe4 23. Bd3 {Game drawn by mutual agreement} 1/2-1/2

[Event "Team 45 45 League T70"]
[Site "Internet Chess Club"]
[Date "2016.10.06"]
[Round "5"]
[White "Tobiasdelmonte"]
[Black "drbishop"]
[Result "1-0"]
[WhiteElo "1702"]
[BlackElo "1756"]
[Opening "Queen's pawn game, Darooha variation "]
[ECO "D02"]
[Time "20:37:48"]
[TimeControl "2700+45"]

1. d4 Nf6 2. Nf3 d5 3. c4 e6 4. g3 c6 5. Bg2 Be7 6. O-O O-O 7. Nbd2 Nbd7 8. Re1
dxc4 9. Nxc4 Nb6 10. Nce5 Nfd7 11. b3 Nxe5 12. Nxe5 Bd7 13. Bb2 Bb4 14. Rf1 Qe7
15. Rc1 Rad8 16. Nxd7 Rxd7 17. e3 e5 18. Qf3 exd4 19. Bxd4 Ba3 20. Rc2 Rfd8 21.
Qg4 f6 22. h4 c5 23. Bc3 Nd5 24. Ba5 b6 25. Bxd5+ Rxd5 26. Qa4 c4 27. Qxc4 bxa5
28. e4 Kh8 29. exd5 Qe5 30. Re2 Qf5 31. Rfe1 h5 32. Re8+ Rxe8 33. Rxe8+ Kh7 34.
Qe4 Kg6 35. Qxf5+ Kxf5 36. Kg2 g5 37. hxg5 fxg5 38. f3 Bc5 39. a4 Kf6 40. g4 h4
41. Re6+ Kf7 42. Re4 Bd6 43. Re6 Bc5 44. Kh3 Bd4 45. Re4 Bc5 46. f4 gxf4 47.
Rxf4+ Ke7 48. Kxh4 Kd6 49. Rf5 Bd4 50. g5 Be5 51. g6 Bg7 52. Kh5 a6 53. Rf7 Be5
54. Kh6 Kxd5 55. Rf5 Ke6 56. Rxe5+ Kxe5 57. g7 {Black resigns} 1-0

[Event "Team 45 45 League T70"]
[Site "Internet Chess Club"]
[Date "2016.10.08"]
[Round "5"]
[White "kidcobra"]
[Black "Egmont"]
[Result "1/2-1/2"]
[WhiteElo "1753"]
[BlackElo "1723"]
[Opening "Caro-Kann: Steinitz variation"]
[ECO "B17"]
[Time "13:03:30"]
[TimeControl "2700+45"]

1. e4 c6 2. d4 d5 3. Nc3 dxe4 4. Nxe4 Nd7 5. Qe2 Qc7 6. f4 Ngf6 7. Nf3 Nxe4 8.
Qxe4 Nf6 9. Qd3 Qa5+ 10. Bd2 Qf5 11. Be2 Qxd3 12. Bxd3 g6 13. O-O Bf5 14. Ne5
Bxd3 15. Nxd3 e6 16. Rae1 Be7 17. c3 O-O 18. Nf2 c5 19. g4 cxd4 20. cxd4 Nd5 21.
Ne4 Rac8 22. Rc1 b6 23. g5 Kg7 {Game drawn by mutual agreement} 1/2-1/2

[Event "Team 45 45 League T70"]
[Site "Internet Chess Club"]
[Date "2016.10.08"]
[Round "5"]
[White "julesraider"]
[Black "Fianchettoed"]
[Result "0-1"]
[WhiteElo "1603"]
[BlackElo "1726"]
[Opening "Grünfeld: modern exchange variation"]
[ECO "D85"]
[Time "12:00:41"]
[TimeControl "2700+45"]

1. d4 Nf6 2. c4 g6 3. Nc3 d5 4. cxd5 Nxd5 5. e4 Nxc3 6. bxc3 Bg7 7. Nf3 c5 8.
Rb1 Nc6 9. d5 Bxc3+ 10. Bd2 Bxd2+ 11. Qxd2 Nd4 12. Nxd4 cxd4 13. Qxd4 O-O 14.
Qc3 b6 15. Be2 f5 16. e5 e6 17. d6 Bb7 18. O-O Rc8 19. Qa3 Be4 20. Rbc1 Qd7 21.
Bc4 Rc5 22. f3 Ba8 23. f4 Rfc8 24. Be2 Rc2 25. Rxc2 Rxc2 26. Bf3 Bxf3 27. Rxf3
Qc6 28. Rf2 Rc1+ 29. Rf1 Rc2 30. Qf3 Kf7 31. Qxc6 Rxc6 32. d7 Ke7 33. Rd1 Kd8
34. Kf2 Rc2+ 35. Kf3 Rxa2 36. Rd3 b5 37. g4 Rxh2 38. Kg3 Rc2 39. gxf5 gxf5 40.
Kh4 Rc7 41. Rd6 Rxd7 42. Rxe6 b4 43. Ra6 b3 44. Ra1 b2 45. Rb1 Rb7 46. Kg5 a5
47. Kxf5 a4 48. Kf6 a3 49. e6 a2 50. Rd1+ Kc8 51. Rg1 b1=Q 52. Rg8+ Kc7 {White
resigns} 0-1

[Event "Team 45 45 League T70"]
[Site "Internet Chess Club"]
[Date "2016.10.07"]
[Round "5"]
[White "dabodhi"]
[Black "tightfist"]
[Result "1-0"]
[WhiteElo "1349"]
[BlackElo "1494"]
[Opening "French: Winawer, advance variation"]
[ECO "C16"]
[Time "22:04:25"]
[TimeControl "2700+45"]

1. e4 e6 2. d4 d5 3. Nc3 Bb4 4. e5 Bxc3+ 5. bxc3 Bd7 6. Qg4 g6 7. Bg5 f6 8. exf6
Kf7 9. Nf3 Nxf6 10. Ne5+ Kg7 11. Qh4 h6 12. Bxh6+ Rxh6 13. Qxh6+ Kxh6 14. Nf7+
Kg7 15. Nxd8 Bc8 16. Rb1 b6 17. c4 Bd7 18. cxd5 Nxd5 19. Bb5 Nc3 20. Bxd7 Nxb1
21. Nxe6+ Kf6 22. Nxc7 Nxd7 23. Nxa8 Nc3 24. a3 Nb5 25. a4 Nxd4 26. Kd2 Nc5 27.
Ra1 Nde6 28. a5 Nf4 29. axb6 axb6 30. g3 Nfd3 31. cxd3 Nb3+ 32. Kc3 Nxa1 33.
Nxb6 Kf5 34. d4 g5 35. d5 Ke5 36. h4 g4 37. h5 Ke4 38. h6 Kf3 39. h7 Kxf2 40.
h8=Q Kxg3 41. Qe5+ Kf3 42. Qf5+ Kg3 43. d6 Kh4 44. Qh7+ Kg3 45. d7 Kf2 46. Qf5+
Kg3 47. d8=Q Kh3 48. Qh8+ Kg3 49. Qhe5+ Kh3 50. Qh5+ Kg2 51. Qxg4+ Kf2 52. Qgg3+
Kf1 53. Qgf4+ Kg2 54. Qeg5+ Kh3 55. Qfh4# {Black checkmated} 1-0

[Event "Team 45 45 League T70"]
[Site "Internet Chess Club"]
[Date "2016.10.08"]
[Round "5"]
[White "Packerfan"]
[Black "evan7284"]
[Result "1-0"]
[WhiteElo "1705"]
[BlackElo "1765"]
[Opening "Petrov: Cochrane gambit"]
[ECO "C42"]
[Time "10:00:48"]
[TimeControl "2700+45"]

1. e4 e5 2. Nf3 Nf6 3. Nxe5 d6 4. Nxf7 Kxf7 5. d4 c6 6. Nc3 Be7 7. Bc4+ d5 8.
exd5 cxd5 9. Bxd5+ Nxd5 10. Qh5+ g6 11. Qxd5+ Qxd5 12. Nxd5 Bd6 13. Bf4 Re8+ 14.
Kf1 Bxf4 15. Nxf4 Re4 16. Ne2 Bd7 17. c3 Bb5 18. Re1 Nd7 19. f3 Re3 20. Kf2 Rae8
21. Ng3 Rxe1 22. Rxe1 Rxe1 23. Kxe1 Nf6 24. Ne4 Ke7 25. Kd2 b6 26. b3 Bf1 27. g3
Bg2 28. Nxf6 Kxf6 29. Ke3 Bf1 30. c4 h5 31. h4 Bh3 32. a3 Bf5 33. b4 Ke6 34. Kf4
Bd3 35. c5 bxc5 36. dxc5 Bb5 37. g4 Kd5 38. gxh5 gxh5 39. Kg5 Be8 40. f4 Kc4 41.
f5 Kb3 42. f6 Bf7 43. c6 Kxa3 44. c7 {Black resigns} 1-0

[Event "Team 45 45 League T70"]
[Site "Internet Chess Club"]
[Date "2016.10.09"]
[Round "5"]
[White "GrandUnified"]
[Black "clarinetref"]
[Result "1-0"]
[WhiteElo "1529"]
[BlackElo "1598"]
[Opening "Modern defense"]
[ECO "A40"]
[Time "21:07:39"]
[TimeControl "2700+45"]

1. d4 g6 2. c4 c6 3. Nc3 Bg7 4. e4 d6 5. Nf3 Qc7 6. g3 Nd7 7. Bg2 Ngf6 8. O-O
O-O 9. h3 a6 10. Re1 e5 11. Be3 exd4 12. Bxd4 Ne5 13. Nxe5 dxe5 14. Be3 Be6 15.
b3 Rfd8 16. Qe2 b5 17. c5 Qa5 18. Nb1 Bf8 19. Nd2 Nd7 20. Rec1 Bxc5 21. Bxc5
Nxc5 22. Nf3 Nd3 23. Rd1 Qc3 24. Qe3 Qc2 25. Bf1 Nb4 26. Rdc1 Qb2 27. a3 Nc2 28.
Qc5 Qxb3 29. Nxe5 Nd4 30. Rc3 Qb2 31. Re1 Nb3 32. Qe3 Qxa3 33. Nxc6 Rdc8 34.
Rec1 Qd6 35. e5 Qd7 36. R1c2 b4 37. Rd3 Qb7 38. Rd6 a5 39. Qg5 Re8 40. Bg2 Qc7
41. Nd4 Qa7 42. Nxe6 fxe6 43. Bxa8 Qxa8 44. Rc7 Qe4 45. Qf6 Qe1+ 46. Kg2 Qe4+
47. Kh2 {Black resigns} 1-0

[Event "Team 45 45 League T70"]
[Site "Internet Chess Club"]
[Date "2016.10.07"]
[Round "5"]
[White "zorori"]
[Black "kutch"]
[Result "1-0"]
[WhiteElo "1610"]
[BlackElo "1470"]
[Opening "Ruy Lopez: 5.O-O"]
[ECO "C78"]
[Time "22:03:01"]
[TimeControl "2700+45"]

1. e4 e5 2. Nf3 Nc6 3. Bb5 a6 4. Ba4 Nf6 5. O-O b5 6. Bb3 Bc5 7. c3 d6 8. h3 O-O
9. d4 Bb6 10. Be3 Ne7 11. Qe2 Ng6 12. Rd1 Nf4 13. Bxf4 exf4 14. e5 Re8 15. Qd3
dxe5 16. Nxe5 Nd5 17. Qf3 Bb7 18. Qg4 Qf6 19. Nd2 Rxe5 20. dxe5 Qxe5 21. Nf3 Qe2
22. Qh4 Qxb2 23. Rab1 Bxf2+ 24. Qxf2 Qxf2+ 25. Kxf2 Nxc3 26. Ng5 Nxd1+ 27. Rxd1
Rf8 28. Rd7 h6 29. Nxf7 Kh7 30. Rxc7 Be4 31. Nd6 Bd3 32. Rc3 Bg6 33. Rc6 Ra8 34.
Kf3 Bd3 35. Kxf4 Bf1 36. Kg3 a5 37. Rc7 a4 38. Bc2+ Kg8 39. Rb7 Rd8 40. Bg6 Kf8
41. Nxb5 Bxb5 42. Rxb5 Rd2 43. Rb8+ Ke7 44. Rb7+ Kf6 45. Bf7 a3 46. Bb3 Rd3+ 47.
Kh2 g5 48. Ra7 h5 49. Rxa3 g4 50. Ra6+ Ke7 51. hxg4 hxg4 52. Rg6 Rd4 {Black
resigns} 1-0

[Event "Team 45 45 League T70"]
[Site "Internet Chess Club"]
[Date "2016.10.08"]
[Round "5"]
[White "zepled37"]
[Black "cayo89"]
[Result "0-1"]
[WhiteElo "1655"]
[BlackElo "1743"]
[Opening "Caro-Kann: advance variation"]
[ECO "B12"]
[Time "09:04:48"]
[TimeControl "2700+45"]

1. e4 c6 2. d4 d5 3. e5 Bf5 4. Be3 e6 5. Nd2 Nd7 6. Ngf3 Ne7 7. Be2 h6 8. Nh4
Bh7 9. f4 Nf5 10. Nxf5 Bxf5 11. Nf3 Be7 12. Qd2 Qb6 13. c3 a5 14. a4 Qb3 15. Bd1
Qb6 16. Be2 Qb3 17. Bd1 Qb6 18. O-O O-O 19. Bf2 Qd8 20. Bc2 Bxc2 21. Qxc2 b5 22.
Nd2 Nb6 23. axb5 cxb5 24. Ra2 Qd7 25. Rfa1 a4 26. Qd3 Rfb8 27. h3 Rc8 28. Kh2 b4
29. cxb4 Bxb4 30. Nf3 Rc4 31. Be1 Bxe1 32. Rxe1 Rac8 33. Raa1 Qb5 34. Rab1 Qb4
35. Qf1 Rc2 36. Re2 Rxe2 37. Qxe2 Nc4 38. f5 Rb8 39. fxe6 fxe6 40. Qd3 Qb7 41.
Nd2 Nxd2 42. Qxd2 Qb3 43. Ra1 Rb4 44. Qc3 Qc4 45. Qxc4 Rxc4 46. Rd1 Rc2 47. Ra1
Rc4 48. Rd1 Kf8 49. Kg3 Rb4 50. Rd2 Kf7 51. Kg4 Kg6 52. h4 Kh7 53. Kf4 Rb3 54.
h5 Kg8 55. Rc2 Rb4 56. Ke3 Kh7 57. Rd2 Rc4 58. Kf4 g6 59. hxg6+ Kxg6 60. g4 Rb4
61. Kg3 Kg5 62. Rf2 Rb3+ 63. Kg2 Kxg4 64. Rf6 Rxb2+ 65. Kf1 Rb6 66. Rxh6 a3 67.
Rh2 Rb2 {White resigns} 0-1

[Event "Team 45 45 League T70"]
[Site "Internet Chess Club"]
[Date "2016.10.09"]
[Round "5"]
[White "krysto"]
[Black "justice02"]
[Result "0-1"]
[WhiteElo "1592"]
[BlackElo "1699"]
[Opening "Dutch"]
[ECO "A80"]
[Time "18:00:35"]
[TimeControl "2700+45"]

1. d4 f5 2. Nc3 Nf6 3. Bg5 d5 4. e3 c6 5. Bd3 Ne4 6. Nf3 Nxg5 7. Nxg5 e5 8. h4
e4 9. Be2 Be7 10. f4 exf3 11. Nxf3 O-O 12. h5 Qd6 13. h6 Qg3+ 14. Kd2 f4 15.
hxg7 fxe3+ 16. Kc1 Rf7 17. Bd3 Rxg7 18. Ne2 Qg4 19. Ne5 Qg5 20. Qf1 Be6 21. Nf4
Bf7 22. Bxh7+ Rxh7 23. Rxh7 Kxh7 24. Nxf7 Qf5 25. Qh1+ Kg7 26. Qh8+ Kxf7 27. g3
Bf6 28. Qh6 Nd7 {White resigns} 0-1

[Event "Team 45 45 League T70"]
[Site "Internet Chess Club"]
[Date "2016.10.08"]
[Round "5"]
[White "Grenadier"]
[Black "Pawnchain"]
[Result "1-0"]
[WhiteElo "1602"]
[BlackElo "1457"]
[Opening "French: advance, Euwe variation"]
[ECO "C02"]
[Time "08:00:13"]
[TimeControl "2700+45"]

1. e4 e6 2. d4 d5 3. e5 c5 4. c3 Nc6 5. Nf3 Bd7 6. dxc5 Bxc5 7. Bd3 Qc7 8. Qe2
Nge7 9. O-O Ng6 10. Re1 a6 11. Bg5 Nce7 12. Nbd2 h6 13. Be3 O-O 14. Nb3 Bxe3 15.
Qxe3 Rac8 16. h4 Nf5 17. Bxf5 exf5 18. h5 Ne7 19. Nbd4 Be6 20. Rac1 b5 21. Ne2
Qc5 22. Nfd4 Nc6 23. Nf4 Nxd4 24. cxd4 Qe7 {Black resigns} 1-0

[Event "Team 45 45 League T70"]
[Site "Internet Chess Club"]
[Date "2016.10.10"]
[Round "5"]
[White "scostanzo212"]
[Black "GoIrish"]
[Result "1-0"]
[WhiteElo "1551"]
[BlackElo "1497"]
[Opening "King's Indian: orthodox, Aronin-Taimanov, 9.Ne1"]
[ECO "E98"]
[Time "20:30:30"]
[TimeControl "2700+45"]

1. d4 Nf6 2. c4 g6 3. Nc3 Bg7 4. e4 d6 5. Nf3 O-O 6. Be2 e5 7. O-O Nc6 8. d5 Ne7
9. Ne1 Ne8 10. f3 f5 11. Be3 f4 12. Bf2 g5 13. c5 Rf6 14. cxd6 Nxd6 15. Rc1 Qe8
16. Qb3 Rh6 17. Kh1 Qh5 18. Bg1 g4 19. fxg4 Bxg4 20. Bxg4 Qxg4 21. Nf3 Rg6 22.
Rc2 Kh8 23. Bc5 b6 24. Bxd6 cxd6 25. Nb5 h5 26. Ne1 h4 27. h3 Qg3 28. Qxg3 hxg3
29. Nf3 a6 30. Nc7 Rc8 31. Rfc1 a5 32. Ne6 Rxc2 33. Rxc2 Nxd5 34. exd5 e4 35.
Rc8+ Kh7 36. Nfg5+ Kh6 37. Nxe4 f3 38. Nf4 f2 39. Rc1 Bxb2 40. Nxg6 Bxc1 41.
Nxg3 Kxg6 42. a4 Bf4 43. Nf1 Kf6 44. g4 Ke5 45. Kg2 Kxd5 46. Kxf2 Kc5 47. h4 Kb4
48. g5 Kxa4 49. g6 Bh6 50. Ng3 d5 51. Nf5 Bf8 52. h5 Kb3 53. h6 a4 54. g7 Bc5+
55. Ke2 a3 56. g8=Q a2 57. Qxd5+ Kb2 58. Qd2+ Kb1 59. Qxa2+ Kxa2 60. h7 b5 61.
h8=Q b4 62. Qc8 b3 63. Qxc5 b2 64. Qc2 Ka1 65. Qa4+ Kb1 66. Kd3 Kc1 67. Qc2#
{Black checkmated} 1-0

[Event "Team 45 45 League T70"]
[Site "Internet Chess Club"]
[Date "2016.10.06"]
[Round "5"]
[White "Bryant-L"]
[Black "kllrchris"]
[Result "0-1"]
[WhiteElo "1737"]
[BlackElo "1740"]
[Opening "Sicilian: closed"]
[ECO "B23"]
[Time "17:03:42"]
[TimeControl "2700+45"]

1. e4 c5 2. Nc3 d6 3. f4 g6 4. Nf3 Bg7 5. Bb5+ Bd7 6. O-O Nc6 7. d3 e6 8. Bxc6
Bxc6 9. Qe1 Nf6 10. Kh1 h5 11. f5 Qc7 12. fxg6 fxg6 13. e5 Ng4 14. exd6 Qxd6 15.
Ne4 Bxe4 16. Qxe4 O-O-O 17. h3 Rdf8 18. hxg4 hxg4+ 19. Kg1 gxf3 20. Rxf3 Rxf3
21. Qxf3 Qh2+ 22. Kf2 Rf8 23. Qxf8+ Bxf8 24. Be3 Be7 25. Rg1 g5 26. Kf3 Kd7 27.
c3 Bd6 28. a3 Qg3+ 29. Ke2 g4 30. b4 cxb4 31. axb4 a6 32. Bf2 Qe5+ 33. Kd2 g3
34. Bd4 Qd5 35. Kc2 Qa2+ 36. Kd1 e5 37. Be3 Qb3+ 38. Ke2 {White resigns} 0-1

[Event "Team 45 45 League T70"]
[Site "Internet Chess Club"]
[Date "2016.10.08"]
[Round "5"]
[White "SimplyAbed"]
[Black "timothysmall56"]
[Result "1/2-1/2"]
[WhiteElo "1909"]
[BlackElo "1745"]
[Opening "Grünfeld: Russian variation"]
[ECO "D97"]
[Time "21:10:34"]
[TimeControl "2700+45"]

1. d4 Nf6 2. c4 g6 3. Nc3 d5 4. Qb3 dxc4 5. Qxc4 Bg7 6. Nf3 O-O 7. Bf4 c6 8. e4
Be6 9. d5 cxd5 10. exd5 Bxd5 11. Nxd5 Qxd5 12. Qb4 Qe4+ 13. Qxe4 Nxe4 14. Rb1
Nc6 15. Bd3 Nc5 16. Bc4 Rad8 17. O-O Nd3 18. Bc7 Rd7 19. Rfd1 Rxc7 20. Bxd3 Rd8
21. b3 Rcd7 22. Be2 Rxd1+ 23. Rxd1 Rxd1+ 24. Bxd1 Bb2 25. Be2 Ba3 26. Bc4 Nb4
27. Ne5 e6 28. Be2 Nxa2 29. Bf3 b6 30. Be2 Nc3 31. Ba6 b5 32. Kf1 Bc5 33. Nc6
Ne4 34. f3 Nd2+ 35. Ke2 Nxb3 36. Bxb5 Nd4+ 37. Nxd4 Bxd4 38. Kd3 Bg1 39. h3 Kg7
40. Ke4 f6 41. g4 e5 42. f4 Bd4 43. g5 a5 44. gxf6+ Kxf6 45. Bd7 Bb2 46. fxe5+
Bxe5 47. Kd5 Bg3 48. Bb5 h5 49. Be8 h4 50. Bd7 g5 51. Ke4 Ke7 52. Bg4 a4 53. Kd3
a3 54. Kc3 Be5+ 55. Kb3 Bd6 56. Bf3 Kf6 57. Bg4 Ke5 58. Bf3 Kf4 59. Bg4 Kg3 60.
Bf5 {Game drawn by mutual agreement} 1/2-1/2